AoeStats
← HR nomadplayer

Arena

504680076Analyzed
1v1 RM · 25d ago on Sep 6, 2026· 26m 8s· 2 players
Game mode
Random Map
Map size
Tiny (2 player)
Population
200
Speed
Normal
Resources
Standard
Victory
Conquest
Starting age
Dark Age
Ending age
Imperial Age
RankedLock teamsTeams togetherTeam positionsShared explorationLock speedFull tech treeHidden civsTurbo modeCheats
Victory
Defeat
🇵🇪 Bengalis · Peru
2187
+11
🇨🇱 Bengalis · Chile
2082
-11
HR nomadplayer
7:35 Loom
11:32 Feudal Age
15:35 Castle Age
21:02 Sanctity
22:19 Fervor
22:11 Atonement
22:16 Town Watch
[CL] Rey Enigmaaa
6:10 Loom
8:30 Feudal Age
9:13 Double-Bit Axe
9:16 Town Watch
9:55 Horse Collar
15:36 Wheelbarrow
21:11 Castle Age
19:23 Gold Mining
21:13 Stone Mining
21:51 Fletching
22:19 Guard Tower
22:46 Bow Saw
23:26 Bodkin Arrow
Connection lost

Rejoining the realm…

Still unreachable

The connection could not be restored.

Session expired

The server has moved on; the page needs a fresh start.